 Dungeon Crawl Stone Soup version 0.25.1-2-g60ff931df9 (webtiles) character file.

Game seed: 15000479323480763892

217 nicanaca0 the Chopper (level 5, -1/46 HPs)
             Began as a Minotaur Berserker on Oct 1, 2020.
             Was a Priest of Trog.
             Slain by an orc warrior
             ... wielding a +0 long sword
              (8 damage)
             ... on level 3 of the Dungeon.
             The game lasted 00:04:59 (2350 turns).

nicanaca0 the Chopper (Minotaur Berserker)          Turns: 2350, Time: 00:05:00

Health: -1/46      AC: 12    Str: 21    XL:     5   Next: 61%
Magic:  4/4        EV:  6    Int:  5    God:    Trog [***...]
Gold:   148        SH:  3    Dex: 10    Spells: 4/4 levels left

rFire    . . .     SeeInvis .   g - +0 flail (protect)
rCold    . . .     Gourm    .   q - +0 buckler
rNeg     . . .     Faith    .   e - +0 plate armour
rPois    .         Spirit   .   (helmet restricted)
rElec    .         Reflect  .   n - +0 cloak
rCorr    .         Harm     .   (no gloves)
MR       .....                  (no boots)
Stlth    ..........             (no amulet)
HPRegen  0.15/turn              (no ring)
MPRegen  0.09/turn              (no ring)

@: no status effects
A: retaliatory headbutt, horns 2
a: Berserk, Trog's Hand, Renounce Religion


You were on level 3 of the Dungeon.
You worshipped Trog.
Trog was most pleased with you.
You were not hungry.

You visited 1 branch of the dungeon, and saw 3 of its levels.

You collected 148 gold pieces.

Inventory:

Hand Weapons
 a - a +0 hand axe
 g - a +0 flail of protection (weapon)
 k - a +0 mace of holy wrath
 l - a +2 mace of venom
 m - a +2 vorpal mace
Armour
 e - a +0 plate armour (worn)
 n - a +0 cloak (worn)
 q - a +0 buckler (worn)
Jewellery
 h - a cursed ring of attention {unknown}
Scrolls
 b - 2 scrolls of teleportation {unknown}
 d - a scroll of noise {unknown}
 i - 6 scrolls of identify {unknown}
 p - 2 scrolls of enchant weapon {unknown}
Potions
 f - a potion of curing {unknown}
 j - 2 potions of brilliance {unknown}
 r - a potion of mutation {unknown}
 s - a potion of might {unknown}
 t - a potion of heal wounds
Comestibles
 c - 5 rations
 o - 5 chunks of flesh


   Skills:
 + Level 3.9 Fighting
 * Level 7.4 Axes
 + Level 2.9 Armour
 - Level 2.1 Dodging


You had 4 spell levels left.
You didn't know any spells.
Your spell library was empty.

Dungeon Overview and Level Annotations

Branches:
Dungeon (3/15)

Altars:
Nemelex Xobeh
Okawaru


Innate Abilities, Weirdness & Mutations

You reflexively headbutt those who attack you in melee.
You have a pair of horns on your head.


Message History

The orc warrior hits you but does no damage.
You closely miss the orc warrior.
The orc warrior is lightly wounded.
The orc warrior hits you with a +0 long sword!
Your plate armour prevents you from hitting the orc warrior.
The orc warrior is lightly wounded.
The orc warrior hits you with a +0 long sword!
Your plate armour prevents you from hitting the orc warrior.
You headbutt the orc warrior, but do no damage.
The orc warrior is lightly wounded.
The orc warrior hits you with a +0 long sword!
* * * LOW HITPOINT WARNING * * *
Some of the chunks of flesh in your inventory have rotted away.
Your shield and plate armour prevent you from hitting the orc warrior.
The orc warrior is lightly wounded.
The orc warrior barely misses you. You furiously retaliate!
You headbutt the orc warrior, but do no damage.
A giant cockroach comes into view.
The orc warrior hits you with a +0 long sword!
You die...

... #######.# ### ........##
#.. ..#...#..# #.#
........s## ##.#
..#...#...### ####..#
........#...# #....##
#######.#.wg##### #.#####
....>...oo@..########...).)
........o##(.((((.....((..รท
.....##..###.#####.........
.....##.........##)##......
###### ##..####...[.....####
#..##....[###..##
##..#.###.##....### #
#....<......#....##
.####..[#)###.#)..##...


You could see an orc warrior, a dart slug, 2 orcs, a giant cockroach (wandering)
and a goblin.

Vanquished Creatures
  Crazy Yiuf (D:2)
  2 orc priests
  3 adders
  A gnoll (D:1)
  An ooze (D:1)
  A worm (D:2)
  2 dart slugs
  2 leopard geckos (D:2)
  10 orcs (D:3)
  9 bats
  2 giant cockroaches (D:1)
  7 goblins
  7 hobgoblins
  3 jackals (D:1)
  A quokka (D:2)
  2 ball pythons
  4 frilled lizards
  10 kobolds
  9 rats
77 creatures vanquished.

Notes
Turn   | Place    | Note
-------+----------+-------------------------------------------
     0 | D:1      | nicanaca0 the Minotaur Berserker began the quest for the
                  | Orb.
     0 | D:1      | Reached XP level 1. HP: 19/19 MP: 0/0
    67 | D:1      | Reached skill level 4 in Axes
   281 | D:1      | Reached XP level 2. HP: 26/26 MP: 1/1
   375 | D:1      | Reached ** piety under Trog
   385 | D:1      | Reached skill level 5 in Axes
   391 | D:1      | Reached XP level 3. HP: 20/31 MP: 2/2
   637 | D:1      | Found a sparkling altar of Nemelex Xobeh.
   798 | D:2      | Found a runed translucent door.
   799 | D:2      | Noticed Crazy Yiuf
   810 | D:2      | Killed Crazy Yiuf
   810 | D:2      | Reached skill level 6 in Axes
   810 | D:2      | Reached XP level 4. HP: 19/39 MP: 3/3
  1780 | D:2      | Found an iron altar of Okawaru.
  1839 | D:3      | Reached skill level 7 in Axes
  1839 | D:3      | Reached XP level 5. HP: 45/45 MP: 4/4
  2206 | D:3      | Reached *** piety under Trog
  2331 | D:3      | Noticed an orc warrior
  2350 | D:3      | Slain by an orc warrior

Illustrated notes

Levels and vault maps discovered:
D:1:      dpeg_arrival_round_b, layout_rooms, nemelex_diamond_rough_becter
D:2:      layout_loops_cross, kennysheep_okawaru_gauntlet, first_ration,
          uniq_crazy_yiuf_cottage
D:3:      layout_rooms, lemuel_zombie_altar_kikubaaqudgha,
          lemuel_coloured_pillars_altar

Skill      XL: |  1  2  3  4 |
---------------+-------------+-----
Axes           | 4 5 6 7 |  7.4
Fighting       | |  3.9
Armour         | |  2.9
Dodging        | |  2.1

Action                   |  1- 3 |  4- 6 || total
-------------------------+-------+-------++-------
Melee: Hand axe          |    44 |       ||    44
       Headbutt          |    10 |    24 ||    34
       Flail             |    26 |   133 ||   159
  Eat: Chunk             |       |     5 ||     5
Armor: Animal skin       |     3 |       ||     3
       Plate armour      |    42 |    97 ||   139
Dodge: Dodged            |    43 |    57 ||   100
Block: Buckler           |       |    13 ||    13
